 Dungeon Crawl Stone Soup version 0.29-a0-841-g116ddc6ace (webtiles) character file.

Game seed: 2337813962361907266

123 IdlyInterested the Slasher (level 4, -1/33 HPs)
             Began as a Demonspawn Gladiator on July 14, 2022.
             Slain by Natasha (7 damage)
             ... on level 3 of the Dungeon.
             The game lasted 00:09:16 (2714 turns).

IdlyInterested the Slasher (Demonspawn Gladiator)   Turns: 2714, Time: 00:09:17

Health: -1/33      AC:  6    Str: 14    XL:     4   Next: 79%
Magic:  5/5        EV: 13    Int: 15    God:
Gold:   127        SH:  0    Dex: 17    Spells: 5/5 levels left

rFire   . . .      SeeInvis .   a - +1 long sword
rCold   . . .      Faith    .   (no shield)
rNeg    . . .      Spirit   .   b - +0 leather armour
rPois   .          Reflect  .   c - +0 helmet
rElec   .          Harm     .   (no cloak)
rCorr   .          Rampage  .   n - +1 pair of gloves
Will    .....                   (no boots)
Stlth   ++........              (no amulet)
HPRegen 0.11/turn               g - +6 ring of intelligence
MPRegen 0.09/turn               (no ring)

@: no status effects
A: demonic magic 1
a: no special abilities


You were on level 3 of the Dungeon.
You visited 1 branch of the dungeon, and saw 3 of its levels.

You collected 127 gold pieces.

Inventory:

Hand Weapons
 a - a +1 long sword (weapon)
Missiles
 d - 3 throwing nets
 e - a javelin
 h - 5 boomerangs (quivered)
 v - 4 poisoned darts
Armour
 b - a +0 leather armour (worn)
 c - a +0 helmet (worn)
 n - a +1 pair of gloves (worn)
Jewellery
 g - a +6 ring of intelligence (left hand)
Wands
 w - a wand of paralysis (11)
Scrolls
 l - a scroll of summoning
 q - a scroll of blinking {unknown}
 r - a scroll of immolation {unknown}
 s - a scroll of enchant weapon
 t - a scroll of magic mapping {unknown}
 u - a scroll of poison {unknown}
 x - 2 scrolls of teleportation
Potions
 f - a potion of haste {unknown}
 i - a potion of attraction {unknown}
 j - 3 potions of curing
 k - a potion of heal wounds
 m - a potion of flight {unknown}
 o - a potion of mutation {unknown}
 p - a potion of invisibility {unknown}


   Skills:
 - Level 2.0 Fighting
 * Level 3.9 Long Blades
 - Level 1.7 Throwing
 + Level 3.5 Dodging
 - Level 1.0 Stealth
 - Level 1.0 Spellcasting
 - Level 1.0 Evocations


You had 5 spell levels left.
You didn't know any spells.
Your spell library contained the following spells:

 Spells                   Type           Power      Damage    Failure   Level
 Necrotise                Necr           0%         1d4       30%         1
 Vampiric Draining        Necr           0%         2d6       67%         3
 Agony                    Necr           0%         N/A       100%        5


Dungeon Overview and Level Annotations

Branches:
Dungeon (3/15)

Altars:

Shops:
D:1 (

Annotations:
D:3 Natasha


Innate Abilities, Weirdness & Mutations

Spells you cast may paralyse adjacent enemies.


Message History

x - 2 scrolls of teleportation
Found a ring mail.
You barely miss the quokka. The quokka barely misses you.
Natasha, Servant of Life and Death comes into view.
The quokka completely misses you.
You barely miss the quokka. The quokka bites you.
Natasha hisses angrily.
You hit the quokka.
You kill the quokka!
You closely miss Natasha. Natasha closely misses you.
You closely miss Natasha. Natasha misses you.
Natasha claws you but does no damage.
You hit Natasha.
Natasha is moderately wounded.
Natasha closely misses you.
You closely miss Natasha.
Natasha is moderately wounded.
Natasha mumbles some strange words.
You hit Natasha.
Natasha is severely wounded.
Natasha claws you but does no damage.
You barely miss Natasha.
Natasha is severely wounded.
Natasha misses you. The shadow imp barely misses you.
You miss Natasha.
Natasha is severely wounded.
Natasha claws you! The shadow imp barely misses you. Natasha claws you!
You closely miss Natasha.
Natasha is severely wounded.
The shadow imp gestures at you. Pain shoots through your body!
* * * LOW HITPOINT WARNING * * *
Natasha drinks a potion.
Natasha is healed!
You barely miss Natasha. The shadow imp barely misses you.
Natasha claws you but does no damage.
The shadow imp hits you but does no damage.
You slash Natasha!
Natasha is heavily wounded.
Natasha claws you!
You die...

.........###......#
...........#.....##.#
....................#
...................#####
........................
........................
...........#.#..........
#......h5..#.#......<...
..[....@.†..............
##.........>...#........
..............##........
#.#.......#...##........
# #$......##............
#........ ............
#..................###
.........#.......†.#
.........#


You could see Natasha and a shadow imp (summoned).

Vanquished Creatures
  Natasha (D:3)
  4 adders (D:2)
  A worm (D:2)
  4 dart slugs (D:1)
  4 ball pythons
  6 bats
  An endoplasm (D:1)
  3 giant cockroaches
  2 goblins (D:1)
  6 hobgoblins
  4 jackals (D:2)
  2 quokkas
  3 frilled lizards
  7 kobolds
  3 rats
51 creatures vanquished.

Vanquished Creatures (collateral kills)
  A kobold (D:2)
1 creature vanquished.

Grand Total: 52 creatures vanquished

Notes
Turn   | Place    | Note
-------+----------+-------------------------------------------
     0 | D:1      | IdlyInterested the Demonspawn Gladiator began the quest for
                  | the Orb.
     0 | D:1      | Reached XP level 1. HP: 16/16 MP: 1/1
    37 | D:1      | Found a faded altar of an unknown god.
    57 | D:1      | Found Udwulavo's Weapon Shoppe.
   205 | D:1      | Reached skill level 1 in Evocations
   205 | D:1      | Gained mutation: Spells you cast may paralyse adjacent
                  | enemies. [demonic ancestry]
   205 | D:1      | Reached XP level 2. HP: 19/22 MP: 2/2
   543 | D:1      | Reached skill level 1 in Spellcasting
   792 | D:1      | Reached XP level 3. HP: 27/27 MP: 4/4
  1450 | D:2      | Reached skill level 1 in Stealth
  1847 | D:2      | Reached XP level 4. HP: 29/33 MP: 5/5
  2657 | D:3      | Noticed Natasha
  2663 | D:3      | Killed Natasha
  2700 | D:3      | Noticed Natasha
  2714 | D:3      | Slain by Natasha

Illustrated notes

Levels and vault maps discovered:
D:1:      dpeg_arrival_ternary, layout_basic, shapermc_ecumenical_altar_venn,
          serial_shops, shop_statue, minmay_cupped
D:2:      layout_basic
D:3:      layout_rooms, uniq_natasha

Skill      XL: |  1  2  3 |
---------------+----------+-----
Evocations     | 1 |  1.0
Long Blades    | 3 |  3.9
Dodging        | 3 |  3.5
Spellcasting   | 1 |  1.0
Stealth        | 1 |  1.0
Fighting       | |  2.0
Throwing       | |  1.7

Action                   |  1- 3 |  4- 6 || total
-------------------------+-------+-------++-------
Melee: Long sword        |   130 |    60 ||   190
       Punch             |     2 |       ||     2
  Use: Scroll            |     5 |       ||     5
       Potion            |     1 |       ||     1
 Stab: Sleeping          |       |     3 ||     3
Armor: Leather armour    |    52 |    15 ||    67
Dodge: Dodged            |    89 |    36 ||   125

Table legend: (Time is in decaauts)
 A = Elapsed time spent in this place.
 B = Non-inter-level travel time spent in this place.
 C = Inter-level travel time spent in this place.
 D = Time resting spent in this place.
 E = Time spent auto-exploring this place.
 F = Levels seen in this place.
 G = Mean time per level.
                   A        B        C        D        E       F      G
               +--------+--------+--------+--------+--------+-----+--------+
         Total |   2760 |   2641 |    119 |    712 |   1401 |   3 |  920.0 |
       Dungeon |   2760 |   2641 |    119 |    712 |   1401 |   3 |  920.0 |
               +--------+--------+--------+--------+--------+-----+--------+

Top non-repeatable levels by time:
     D:1: 1367 daAuts
     D:2: 1332 daAuts
     D:3: 61 daAuts
